 Dungeon Crawl Stone Soup version 0.28-a0-381-g937acc2988 (webtiles) character file.

Game seed: 438379570658816247

338 hatdisgam the Cutter (level 6, -2/32 HPs)
             Began as a Spriggan Fighter on Sept 2, 2021.
             Was a Believer of Uskayaw.
             Killed from afar by an orc wizard (9 damage)
             ... with a puff of flame
             ... on level 5 of the Dungeon.
             The game lasted 00:07:21 (5473 turns).

hatdisgam the Cutter (Spriggan Fighter)             Turns: 5473, Time: 00:07:22

Health: -2/32      AC:  5    Str: 12    XL:     6   Next: 29%
Magic:  7/7        EV: 18    Int:  9    God:    Uskayaw [**....]
Gold:   314        SH:  7    Dex: 17    Spells: 5/5 levels left

rFire   . . .      SeeInvis +   q - +0 dagger (speed)
rCold   . . .      Faith    .   c - +0 buckler
rNeg    . . .      Spirit   .   b - +0 robe
rPois   .          Reflect  .   (helmet restricted)
rElec   .          Harm     .   j - +2 cloak
rCorr   .          Rampage  .   (gloves unavailable)
Will    +....                   (boots unavailable)
Stlth   +++.......              (no amulet)
HPRegen 0.10/turn               (no ring)
MPRegen 0.10/turn               (no ring)

@: very quick
A: very small, no large weapons, unfitting armour, see invisible, speed 3
a: Renounce Religion, Stomp, Line Pass


You were on level 5 of the Dungeon.
You worshipped Uskayaw.
Uskayaw was noncommittal.
You visited 2 branches of the dungeon, and saw 6 of its levels.

You collected 314 gold pieces.

Inventory:

Hand Weapons
 a - a +0 rapier
 q - a +0 dagger of speed (weapon)
Armour
 b - a +0 robe (worn)
 c - a +0 buckler (worn)
 j - a +2 cloak (worn)
Wands
 u - a wand of flame (20)
Scrolls
 e - 3 scrolls of identify {unknown}
 h - a scroll of teleportation {unknown}
 l - a scroll of noise {unknown}
 n - a scroll of enchant armour {unknown}
 o - a scroll of blinking {unknown}
 p - 2 scrolls of summoning {unknown}
 t - a scroll of amnesia {unknown}
 v - 2 scrolls of magic mapping {unknown}
Potions
 d - a potion of might
 f - a potion of heal wounds {unknown}
 g - 2 potions of degeneration {unknown}
 i - 2 potions of attraction {unknown}
 k - a potion of haste {unknown}
 m - a potion of mutation {unknown}
 r - 2 potions of curing {unknown}
 s - a potion of ambrosia {unknown}


   Skills:
 - Level 2.4 Fighting
 * Level 5.4 Short Blades
 - Level 4.0 Dodging
 + Level 4.7 Stealth
 + Level 3.2 Shields


You had 5 spell levels left.
You didn't know any spells.
Your spell library was empty.

Dungeon Overview and Level Annotations

Branches:
Dungeon (5/15)             Temple (1/1) D:4

Altars:
Ashenzari
Cheibriados
Dithmenos
Elyvilon
Fedhas
Gozag
Hepliaklqana
Kikubaaqudgha
Makhleb
Okawaru
Qazlal
Ru
Sif Muna
Trog
Uskayaw
Vehumet
Wu Jian
Xom
Yredelemnul
Zin
The Shining One


Innate Abilities, Weirdness & Mutations

You are very small and have problems with some larger weapons.
You are too small for most types of armour.
You have supernaturally acute eyesight. (SInv)
You cover ground extremely quickly. (Speed+++)


Message History

The magic dart hits you.
You hit the orc wizard but do no damage.
The orc wizard is heavily wounded.
You hit the orc wizard.
The orc wizard is severely wounded.
The orc wizard misses you.
You barely miss the orc wizard.
The orc wizard is severely wounded.
You barely miss the orc wizard.
The orc wizard is severely wounded.
You block the orc wizard's attack.
You hit the orc wizard but do no damage.
The orc wizard is severely wounded.
You hit the orc wizard but do no damage.
The orc wizard is severely wounded.
The orc wizard gestures at you while chanting.
You resist with almost no effort.
You barely miss the orc wizard.
The orc wizard is severely wounded.
You hit the orc wizard but do no damage.
The orc wizard is severely wounded.
The orc wizard gestures at you while chanting.
The puff of flame hits you!
* * * LOW HITPOINT WARNING * * *
You are too injured to fight recklessly!
You are too injured to fight recklessly!
You hit the orc wizard but do no damage.
The orc wizard is severely wounded.
You hit the orc wizard.
The orc wizard is severely wounded.
The orc wizard hits you with a +0 dagger.
* * * LOW HITPOINT WARNING * * *
You hit the orc wizard.
The orc wizard is severely wounded.
Unknown command.
You miss the orc wizard.
The orc wizard is severely wounded.
The orc wizard casts a spell at you. The puff of flame hits you!
You die...

#.......## ......#..##
........#(##
...........##
<...........###
.....<........##
............#..## #
...........###..## ###
..........## ###@##
##.. ........### ##o##
##^.# .......## ##.###
###..## #....###
#........####..###
######
#...............##
..........####..####
g.........###...Z..##
.......#..#......h<.#
.......#............##


You could see an orc wizard (invisible).

Vanquished Creatures
  A water moccasin zombie (D:5)
  A hound (D:3)
  An iguana (D:5)
  13 adders
  A white imp (D:5)
  7 dart slugs
  2 orcs (D:4)
  8 ball pythons
  7 endoplasms
  2 giant cockroaches (D:1)
  6 hobgoblins
  9 jackals (D:1)
  11 kobolds
  5 quokkas
  2 bats
  5 frilled lizards
  5 goblins
  2 rats
88 creatures vanquished.

Vanquished Creatures (others)
  4 plants (D:1)
4 creatures vanquished.

Grand Total: 92 creatures vanquished

Notes
Turn   | Place    | Note
-------+----------+-------------------------------------------
     0 | D:1      | hatdisgam the Spriggan Fighter began the quest for the Orb.
     0 | D:1      | Reached XP level 1. HP: 11/11 MP: 2/2
   160 | D:1      | Reached skill level 1 in Stealth
   254 | D:1      | Reached XP level 2. HP: 7/16 MP: 3/3
   561 | D:1      | Reached skill level 3 in Short Blades
   600 | D:1      | Found a faded altar of an unknown god.
   795 | D:1      | Reached XP level 3. HP: 17/19 MP: 4/4
  1574 | D:2      | Reached XP level 4. HP: 23/23 MP: 5/5
  2030 | D:3      | Reached skill level 4 in Short Blades
  2416 | D:3      | Found a snail-covered altar of Cheibriados.
  2723 | D:3      | Noticed a sky beast
  2851 | D:4      | Found a staircase to the Ecumenical Temple.
  2876 | Temple   | Entered the Ecumenical Temple
  3024 | Temple   | Became a worshipper of Uskayaw the Reveller
  3102 | D:4      | Reached * piety under Uskayaw
  3119 | D:4      | Reached ** piety under Uskayaw
  3526 | D:4      | Reached XP level 5. HP: 27/27 MP: 6/6
  4069 | D:5      | Entered Level 5 of the Dungeon
  4126 | D:5      | Noticed an orc warrior
  4128 | D:5      | Noticed a shadow
  4233 | D:5      | Reached *** piety under Uskayaw
  4235 | D:5      | Reached skill level 5 in Short Blades
  4235 | D:5      | Reached XP level 6. HP: 17/32 MP: 7/7
  4667 | D:5      | Noticed a water moccasin
  5473 | D:5      | Killed from afar by an orc wizard

Illustrated notes

Levels and vault maps discovered:
D:1:      heliophobic_arrival_glass_houses, layout_basic,
          shapermc_ecumenical_altar_mp_ritualfount, minmay_pentomino_q2
D:2:      layout_basic, minmay_misc_feat_diagonals
D:3:      layout_loops_ring, mainiacjoe_overflow_paths,
          nemelex_dance_club_becter
D:4:      layout_cave_pools, minmay_temple_entry_arrows, minmay_snake_closets
D:5:      layout_cave_pods
Temple:   regret_index_temple_chain_breaker

Skill      XL: |  1  2  3  4  5 |
---------------+----------------+-----
Stealth        | 1 2 3 4 |  4.7
Short Blades   | 3 4 5 |  5.4
Shields        | 3 |  3.2
Fighting       | |  2.4
Dodging        | |  4.0

Action                   |  1- 3 |  4- 6 || total
-------------------------+-------+-------++-------
Melee: Rapier            |   120 |    55 ||   175
       Dagger            |       |   259 ||   259
 Stab: Sleeping          |     6 |    15 ||    21
       Paralysed         |       |     1 ||     1
Armor: Robe              |    13 |    17 ||    30
Dodge: Dodged            |    72 |   144 ||   216
Block: Buckler           |    35 |    65 ||   100

Table legend: (Time is in decaauts)
 A = Elapsed time spent in this place.
 B = Non-inter-level travel time spent in this place.
 C = Inter-level travel time spent in this place.
 D = Time resting spent in this place.
 E = Time spent auto-exploring this place.
 F = Levels seen in this place.
 G = Mean time per level.
                   A        B        C        D        E       F      G
               +--------+--------+--------+--------+--------+-----+--------+
         Total |   4100 |   3929 |    171 |   1264 |   1851 |   6 |  683.3 |
       Dungeon |   3998 |   3848 |    150 |   1264 |   1783 |   5 |  799.6 |
        Temple |    102 |     81 |     21 |      0 |     68 |   1 |  102.0 |
               +--------+--------+--------+--------+--------+-----+--------+

Top non-repeatable levels by time:
     D:1: 951 daAuts
     D:2: 920 daAuts
     D:3: 841 daAuts
     D:4: 717 daAuts
     D:5: 567 daAuts
  Temple: 102 daAuts
